 Dungeon Crawl Stone Soup version 0.24.0-123-gd5b16e6ec5 (webtiles) character file.

Game seed: 1450588723734884149, levelgen mode: deterministic

224 Bergy the Cudgeler (level 5, -6/50 HPs)
             Began as a Troll Fighter on Dec 30, 2019.
             Killed by nerve-wracking pain
             ... invoked by an orc priest
              (13 damage)
             ... on level 4 of the Dungeon.
             The game lasted 00:06:42 (1979 turns).

Bergy the Cudgeler (Troll Fighter)                  Turns: 1979, Time: 00:06:43

Health: -6/50      AC:  6    Str: 25    XL:     5   Next: 67%
Magic:  4/4        EV: 12    Int:  4    God:
Gold:   244        SH:  8    Dex:  9    Spells: 4/4 levels left

rFire    . . .     SeeInvis .   s - +4 falchion (elec)
rCold    . . .     Gourm    +   c - +0 shield
rNeg     . . .     Faith    .   t - +0 animal skin
rPois    .         Spirit   .   (helmet restricted)
rElec    .         Reflect  .   (no cloak)
rCorr    .         Harm     .   (gloves unavailable)
MR       .....                  (boots unavailable)
Stlth    +.........             (no amulet)
HPRegen  0.56/turn              g - +4 ring of evasion
MPRegen  0.09/turn              (no ring)

@: no status effects
A: large, unfitting armour, claws 3, fast metabolism 3, gourmand, regeneration
1, shaggy fur 1, tough skin 3
a: no special abilities


You were on level 4 of the Dungeon.
You were full.

You visited 1 branch of the dungeon, and saw 4 of its levels.

You collected 244 gold pieces.

Inventory:

Hand Weapons
 a - a +0 flail
 s - a +4 falchion of electrocution (weapon)
Armour
 c - a +0 shield (worn)
 h - a +0 plate armour
 t - a +0 animal skin (worn)
Jewellery
 g - a +4 ring of evasion (left claw)
Scrolls
 b - 2 scrolls of teleportation {unknown}
 i - 4 scrolls of identify
 j - 2 scrolls of enchant armour {unknown}
 k - a scroll of amnesia {unknown}
 m - 6 scrolls of remove curse
 n - a scroll of fear {unknown}
 o - a scroll of immolation {unknown}
 q - a scroll of blinking {unknown}
Potions
 d - a potion of might
 e - 2 potions of degeneration {unknown}
 l - a potion of magic {unknown}
 p - 2 potions of berserk rage {unknown}
Comestibles
 f - 12 rations


   Skills:
 - Level 2.4 Fighting
 * Level 2.2 Long Blades
 - Level 4.7 Maces & Flails
 - Level 2.4 Dodging
 - Level 2.4 Shields


You had 4 spell levels left.
You didn't know any spells.
Your spell library was empty.

Dungeon Overview and Level Annotations

Branches:
Dungeon (4/15)
 Temple: D:4-7

Altars:


Innate Abilities, Weirdness & Mutations

You are too large for most types of armour.
You have claws for hands.
Your metabolism is lightning-fast.
You like to eat raw meat.
Your natural rate of healing is unusually fast.
You are covered in fur. (AC +1)
You have extremely tough skin. (AC +3)


Message History

The adder skeleton closely misses you.
You riposte.
You hit the adder skeleton but do no damage.
Lightning courses through the adder skeleton!
The adder skeleton is severely damaged.
You block the orc's attack.
The howler monkey hoots and howls with incredible vigour!
The adder skeleton bites you.
* * * LOW HITPOINT WARNING * * *
You hear a shout!
You hear an angry hiss.
You hear a shout!
You hit the adder skeleton.
Lightning courses through the adder skeleton!
You destroy the adder skeleton!
The howler monkey hits you.
* * * LOW HITPOINT WARNING * * *
The orc priest mumbles some strange prayers to Beogh against you.
You barely resist. You block the orc's attack.
The howler monkey barely misses you.
The orc priest invokes the aid of Beogh against you.
Pain shoots through your body!
You die...

#.#####)...........
#.# #............
####.##
#.....#######
#.....# ######.#
#.##..###......####
#.##....#.###.....#
#.....#.#.###.###.#
...###....#...#.. #
#o@#####.########
#h)# #........#
...o. ########.# #
#..#.### #.###
...... #...#
..#..#. ######.# #
#.... #....... # #.
#....... #.......


You could see a howler monkey, an orc priest and an orc.

Vanquished Creatures
  A howler monkey (D:2)
  An orc priest (D:4)
  An orc wizard (D:4)
  Robin (D:3)
  4 adders
  An ooze (D:4)
  An adder skeleton (D:4)
  2 worms (D:2)
  2 dart slugs (D:1)
  3 leopard geckos
  3 orcs
  2 giant cockroaches
  14 goblins
  5 hobgoblins
  2 ball pythons
  6 bats
  3 frilled lizards
  4 kobolds
  7 rats
63 creatures vanquished.

Notes
Turn   | Place    | Note
-------+----------+-------------------------------------------
     0 | D:1      | Bergy the Troll Fighter began the quest for the Orb.
     0 | D:1      | Reached XP level 1. HP: 22/22 MP: 0/0
    46 | D:1      | Reached skill level 2 in Maces & Flails
   189 | D:1      | Reached XP level 2. HP: 29/29 MP: 1/1
   548 | D:2      | Reached skill level 3 in Maces & Flails
   563 | D:2      | Noticed a howler monkey
   572 | D:2      | Killed a howler monkey
   572 | D:2      | Reached XP level 3. HP: 28/36 MP: 2/2
   593 | D:2      | Reached skill level 4 in Maces & Flails
   593 | D:2      | Reached XP level 4. HP: 39/44 MP: 3/3
  1466 | D:3      | Noticed Robin
  1526 | D:3      | Killed Robin
  1683 | D:3      | Reached XP level 5. HP: 50/50 MP: 4/4
  1944 | D:4      | Reached skill level 1 in Long Blades
  1979 | D:4      | Killed from afar by an orc priest

Levels and vault maps discovered:
D:1:      ncdulo_lavacross, layout_rooms
D:2:      layout_rooms, first_ration, dk_noncrumbling_3
D:3:      layout_loops_ring, bh_walls_and_bars, uniq_robin
D:4:      layout_basic, uniq_eustachio, uniq_blork_the_orc

Skill      XL: |  1  2  3  4  5 |
---------------+----------------+-----
Maces & Flails | 2 3 4 |  4.7
Long Blades    | 2 |  2.2
Fighting       | |  2.4
Dodging        | |  2.4
Shields        | |  2.4

Action                   |  1- 3 |  4- 6 || total
-------------------------+-------+-------++-------
Melee: Flail             |    76 |   107 ||   183
       Falchion          |       |    30 ||    30
  Use: Scroll            |       |     3 ||     3
       Potion            |       |     1 ||     1
 Stab: Sleeping          |       |     2 ||     2
  Eat: Chunk             |     7 |    15 ||    22
Armor: Robe              |    26 |    31 ||    57
       Animal skin       |       |     9 ||     9
Dodge: Dodged            |    29 |    80 ||   109
Block: Shield            |    36 |    67 ||   103
       Rpst.: Falchion   |       |     4 ||     4
